 Dungeon Crawl Stone Soup version 0.27-a0-1202-ge72e49191c (webtiles) character file.

Game seed: 7473693011458702551

14 bilbop the Shield-Bearer (level 2, 0/27 HPs)
             Began as a Minotaur Fighter on June 4, 2021.
             Slain by a goblin
             ... wielding a +0 dagger
              (2 damage)
             ... on level 1 of the Dungeon.
             The game lasted 00:01:06 (236 turns).

bilbop the Shield-Bearer (Minotaur Fighter)          Turns: 236, Time: 00:01:07

Health: 0/27       AC:  7    Str: 20    XL:     2   Next: 31%
Magic:  1/1        EV:  7    Int:  5    God:
Gold:   29         SH:  9    Dex:  9    Spells: 1/1 levels left

rFire    . . .     SeeInvis .   a - +0 flail
rCold    . . .     Faith    .   c - +0 kite shield
rNeg     . . .     Spirit   .   g - +0 scale mail
rPois    .         Reflect  .   (helmet restricted)
rElec    .         Harm     .   (no cloak)
rCorr    .         Rampage  .   (no gloves)
Will     .....                  (no boots)
Stlth    ..........             (no amulet)
HPRegen  0.09/turn              (no ring)
MPRegen  0.07/turn              (no ring)

@: no status effects
A: horns 2, retaliatory headbutt
a: no special abilities


You were on level 1 of the Dungeon.
You visited 1 branch of the dungeon, and saw 1 of its levels.

You collected 29 gold pieces.

Inventory:

Hand Weapons
 a - a +0 flail (weapon)
 b - a +0 hunting sling
Armour
 c - a +0 kite shield (worn)
 g - a +0 scale mail (worn)
Scrolls
 e - a scroll of identify {unknown}
 h - a scroll of torment {unknown}
 j - a scroll of fear {unknown}
 k - a scroll of teleportation {unknown}
Potions
 d - a potion of might
 f - a potion of berserk rage {unknown}
 i - a potion of lignification {unknown}


   Skills:
 + Level 3.8 Fighting
 * Level 3.0 Maces & Flails
 + Level 3.8 Armour
 + Level 3.8 Shields


You had one spell level left.
You didn't know any spells.
Your spell library was empty.

Dungeon Overview and Level Annotations

Branches:
Dungeon (1/15)

Altars:


Innate Abilities, Weirdness & Mutations

You have a pair of horns on your head.
You reflexively headbutt those who attack you in melee.


Message History

You hit the jackal.
You kill the jackal!
The jackal barely misses you. You furiously retaliate!
You headbutt the jackal, but do no damage.
You miss the jackal. You headbutt the jackal.
The jackal is almost dead.
You block the jackal's attack.
The jackal bites you but does no damage.
You closely miss the jackal. Your headbutt misses the jackal.
The jackal is almost dead.
You block the jackal's attack. x2
You closely miss the jackal. Your headbutt misses the jackal.
The jackal is almost dead.
The jackal completely misses you. The jackal barely misses you.
You furiously retaliate!
You headbutt the jackal!
You kill the jackal!
You barely miss the jackal. The jackal bites you.
* * * LOW HITPOINT WARNING * * *
You block the jackal's attack.
You barely miss the jackal. You block the jackal's attack.
The jackal bites you but does no damage.
You hit the jackal. You headbutt the jackal.
You kill the jackal!
You block the ball python's attack. The ball python grabs you.
* * * LOW HITPOINT WARNING * * *
The ball python constricts you.
Your Maces & Flails skill increases to level 3!
You hit the ball python.
The ball python is severely wounded.
The ball python bites you but does no damage.
The ball python constricts you. You block the ball python's attack.
The ball python constricts you.
You hit the ball python.
You kill the ball python!
The goblin hits you but does no damage.
You completely miss the goblin. The goblin hits you but does no damage.
You hit the goblin. Your headbutt misses the goblin.
The goblin is heavily wounded.
The goblin hits you with a +0 dagger.
You die...

#_........###.#. ........
#..........##.## b....... ##
#....####..##.# .......... ..
##...# #...#.# ........?.##.
#...## ##..#.# .........#..
##...# #..#.# ..)......#.#
#...## ##.#.#
.....##...########....####.#.##
##.......whhg@.......#........
##.....†..#######.....#........
#...>...>..# ##....#........
#..........# #....####....#
#..........# #...## ##....
#..........# #...# #....
#..........# #..### #...#
##........########..#.# #...†
#..................##.# ##..##


You could see a dart slug, 2 jackals and a goblin.

Vanquished Creatures
  A hobgoblin (D:1)
  8 jackals (D:1)
  A ball python (D:1)
  A bat (D:1)
  A goblin (D:1)
12 creatures vanquished.

Notes
Turn   | Place    | Note
-------+----------+-------------------------------------------
     0 | D:1      | bilbop the Minotaur Fighter began the quest for the Orb.
     0 | D:1      | Reached XP level 1. HP: 19/19 MP: 0/0
    83 | D:1      | Found a faded altar of an unknown god.
   211 | D:1      | Reached XP level 2. HP: 5/27 MP: 1/1
   236 | D:1      | Slain by a goblin

Illustrated notes

Levels and vault maps discovered:
D:1:      lemuel_arrival_broad_hall, layout_rooms,
          hellmonk_ecumenical_altar_zigzags, minmay_small_reverse_x

Skill      XL: |  1  2 |
---------------+-------+-----
Maces & Flails | 3 |  3.0
Fighting       | |  3.8
Armour         | |  3.8
Shields        | |  3.8

Action                   || total
-------------------------++-------
Melee: Flail             ||    30
       Headbutt          ||     3
Armor: Scale mail        ||    25
Dodge: Dodged            ||    13
Block: Kite shield       ||    23

Table legend: (Time is in decaauts)
 A = Elapsed time spent in this place.
 B = Non-inter-level travel time spent in this place.
 C = Inter-level travel time spent in this place.
 D = Time resting spent in this place.
 E = Time spent auto-exploring this place.
 F = Levels seen in this place.
 G = Mean time per level.
                   A        B        C        D        E       F      G
               +--------+--------+--------+--------+--------+-----+--------+
         Total |    250 |    246 |      4 |      0 |    175 |   1 |  250.0 |
       Dungeon |    250 |    246 |      4 |      0 |    175 |   1 |  250.0 |
               +--------+--------+--------+--------+--------+-----+--------+

Top non-repeatable levels by time:
     D:1: 250 daAuts
